 Dungeon Crawl Stone Soup version 0.31-a0-963-ga325b2283a (webtiles) character file.

Game seed: 17834491394168111118

887 CowFu the Ruffian (level 7, -3/48 HPs)
             Began as a Pale Draconian Shapeshifter on Oct 24, 2023.
             Was a Believer of the Shining One.
             Killed from afar by a wretched star (13 damage)
             ... with a lance of force
             ... on level 2 of the Abyss.
             The game lasted 00:04:07 (4191 turns).

CowFu the Ruffian (Pale Draconian Shapeshifter)     Turns: 4191, Time: 00:04:08

Health: -3/48      AC:  6    Str: 13 (14) XL:     7   Next: 77%
Magic:  0/7        EV: 12    Int:  6      God:    the Shining One [**....]
Gold:   203        SH:  0    Dex:  7      Spells: 6/6 levels left

rFire   . .          .
                       - Unarmed
rCold   . . .        (no shield)
rNeg    + . .        (body armour unavailable)
rPois   .            (helmet currently unavailable)
rElec   .            (cloak currently unavailable)
rCorr   .            (gloves currently unavailable)
SInv    .            (boots currently unavailable)
Will    +....        h - amulet of guardian spirit
Stlth   +            s - ring of willpower
HPRegen 0.28/turn    (no ring)
MPRegen 0.10/turn

%: guardian spirit
@: beast-form, glowing
A: beast (slay +2), breathe steam, AC +6, unfitting armour, cold-blooded, steam
resistance, [clumsy 2], [deterioration 2], [dopey 2], [frail 2], [screaming 2],
[weak 2], [no potion heal 2], [inability to drink after injury 2]
a: Breathe Steam, Begin Untransformation, Renounce Religion, Divine Shield


You were on level 2 of the Abyss.
You worshipped the Shining One.
The Shining One was pleased with you.
You were a hulking beast.
You visited 1 branch of the dungeon, and saw 5 of its levels.
You visited the Abyss 1 time.

You collected 203 gold pieces.

Inventory:

Missiles
 l - a throwing net
Armour
 p - a +0 pair of boots
Jewellery
 h - an amulet of guardian spirit (around neck)
 s - a ring of willpower (left hand)
Talismans
 b - a beast talisman
 c - a flux talisman
Wands
 i - a wand of charming (9)
 o - a wand of flame (25)
Scrolls
 d - 3 scrolls of revelation {unknown}
 e - 7 scrolls of identify {unknown}
 g - a scroll of poison {unknown}
 j - a scroll of noise {unknown}
 k - a scroll of vulnerability {unknown}
 m - 2 scrolls of fear {unknown}
 r - a scroll of enchant armour {unknown}
Potions
 a - a potion of lignification
 f - 7 potions of curing
 n - 2 potions of might {unknown}
 q - a potion of haste {unknown}
 t - a potion of ambrosia {unknown}
 u - a potion of brilliance {unknown}
 v - a potion of heal wounds {unknown}


   Skills:
 + Level 4.8 Fighting
 + Level 4.3 Dodging
 + Level 5.2 Unarmed Combat
 + Level 5.0 Shapeshifting


You had 6 spell levels left.
You didn't know any spells.
Your spell library contained the following spells:

 Spells                   Type           Power      Damage    Failure   Level
 Cigotuvi's Dreadful Rot  Necr/Pois/Air  0%         N/A       58%         2
 Ignite Poison            Fire/Tmut/Pois 0%         N/A       83%         3
 Inner Flame              Hex/Fire       0%         N/A       83%         3
 Flame Wave               Conj/Fire      0%         2d4       99%         4
 Sticky Flame             Conj/Fire      0%         2d3       99%         4
 Freezing Cloud           Conj/Ice/Air   0%         6-21      100%        5
 Haunt                    Necr/Summ      0%         N/A       100%        7
 Borgnjor's Revivificati  Necr           0%         N/A       100%        8
 Death's Door             Necr           0%         N/A       100%        9


Dungeon Overview and Level Annotations

Branches:
Dungeon (5/15)
 Temple: D:4-7

Altars:
Uskayaw
Xom
The Shining One


Innate Abilities, Weirdness & Mutations

You are a hulking beast.
Your limbs bulge with bestial killing power. (Slay +2)
You can breathe blasts of scalding, opaque steam.
Your pale cyan-grey scales are hard. (AC +6)
You cannot fit into any form of body armour.
You are cold-blooded and may be slowed by cold attacks.
You are immune to the effects of steam.
[You are very clumsy. (Dex -4)]
[Your body often deteriorates upon taking damage.]
[You are very dopey. (Int -4)]
[You are very frail. (-20% HP)]
[You frequently scream uncontrollably at your foes.]
[You are very weak. (Str -4)]
[Potions cannot restore your health.]
[You sometimes lose the ability to drink potions when taking damage.]


Message History

You punch the wretched star, but do no damage.
The wretched star is lightly damaged.
The wretched star pulses with an eldritch light!
You feel stupid. x2
You occasionally lose the ability to drink potions when taking damage.
You lose the ability to drink potions when taking damage more often.
You hit the wretched star.
The wretched star is lightly damaged.
You hit the wretched star.
The wretched star is moderately damaged.
The wretched star glows turbulently.
The lance of force misses you.
Okay, then.
You hit the wretched star.
The wretched star is moderately damaged.
The wretched star pulses with an eldritch light!
You feel clumsy. x2; You feel the urge to shout.
You feel a strong urge to scream.
You hit the wretched star but do no damage.
You tail-slap the wretched star, but do no damage.
The wretched star is moderately damaged.
You hit the wretched star but do no damage.
The wretched star is moderately damaged.
The wretched star glows turbulently.
The lance of force hits you!
You are knocked back by the lance of force.
You slam into the crystal wall!
Your body deteriorates!
You feel weakened.
It was a potion of curing.
That felt strangely inert.
You punch the wretched star!
The wretched star is moderately damaged.
The wretched star glows turbulently.
The lance of force hits you!! The Shining One protects you from harm!
You are knocked back by the lance of force.
You slam into the crystal wall!
* * * LOW HITPOINT WARNING * * *
The wretched star glows turbulently.
The lance of force hits you!
You die...

...
#######
#. #
#.h*#.#
..## #
#####3#
. ... .
# .... .
#######
.# . ..
#..*. .
## ...
.###
##..####
#.3.
'W.W*.
....
.### . .
#.# .
ยง.#
#.###


You could see a wretched star.

Vanquished Creatures
  Sigmund (D:4)
  A sky beast (D:4)
  A black bear (D:4)
  A phantom (D:4)
  A scorpion (D:4)
  3 quasits (D:4)
  3 hounds
  2 orc wizards (D:4)
  3 gnolls (D:2)
  5 adders
  2 white imps (D:4)
  2 ufetubi (D:4)
  A worm (D:2)
  2 dart slugs
  10 orcs
  6 bats
  9 endoplasms
  6 giant cockroaches
  4 goblins
  6 hobgoblins
  3 jackals (D:1)
  2 quokkas (D:4)
  8 ball pythons
  3 frilled lizards
  6 kobolds
  5 rats
96 creatures vanquished.

Vanquished Creatures (others)
  A goblin (D:4)
  2 quokkas (D:4)
  A kobold (D:4)
4 creatures vanquished.

Grand Total: 100 creatures vanquished

Notes
Turn   | Place    | Note
-------+----------+-------------------------------------------
     0 | D:1      | CowFu the Draconian Shapeshifter began the quest for the
                  | Orb.
     0 | D:1      | Reached XP level 1. HP: 16/16 MP: 1/1
   495 | D:1      | Reached XP level 2. HP: 21/23 MP: 2/2
   703 | D:1      | Found a faded altar of an unknown god.
   951 | D:1      | Prayed at the altar of an unknown god.
   951 | D:1      | Became a worshipper of the Shining One
   951 | D:1      | Reached * piety under the Shining One
  1130 | D:2      | Reached XP level 3. HP: 25/29 MP: 3/3
  1891 | D:2      | Reached XP level 4. HP: 21/37 MP: 4/4
  2188 | D:3      | Noticed a +0 hand axe
  2188 | D:3      | Noticed a +0 hand axe
  2190 | D:3      | Found a hide-covered altar of Uskayaw.
  2420 | D:3      | Identified the +8 glaive of Less {freeze, Str+5 Int-3}
  2765 | D:3      | Reached XP level 5. HP: 39/44 MP: 5/5
  3083 | D:4      | Reached ** piety under the Shining One
  3165 | D:4      | Reached XP level 6. HP: 39/51 MP: 4/6
  3326 | D:4      | Noticed a sky beast
  3332 | D:4      | Killed a sky beast
  3534 | D:4      | Found a shimmering altar of Xom.
  3543 | D:4      | Your scales start taking on a pale cyan-grey colour.
  3543 | D:4      | Reached XP level 7. HP: 46/59 MP: 4/7
  3543 | D:4      | Gained mutation: You are immune to the effects of steam.
                  | [Pale Draconian growth]
  3734 | D:4      | Reached skill level 5 in Unarmed Combat
  3944 | D:4      | Noticed Sigmund
  3953 | D:4      | Killed Sigmund
  3954 | D:4      | Reached skill level 5 in Shapeshifting
  4088 | D:5      | Entered Level 5 of the Dungeon
  4123 | Abyss:2  | Cast into level 2 of the Abyss (orc wizard)
  4138 | Abyss:2  | Noticed a smoke demon
  4145 | Abyss:2  | Found a corrupted altar of Lugonu.
  4154 | Abyss:2  | Noticed a freezing wraith
  4155 | Abyss:2  | Noticed a wretched star
  4190 | Abyss:2  | The Shining One protects you from harm!
  4191 | Abyss:2  | Killed from afar by a wretched star

Illustrated notes

Levels and vault maps discovered:
D:1:      dpeg_arrival_oval, layout_loops_corners,
          shapermc_ecumenical_altar_mp_urbaneastern
D:2:      layout_basic
D:3:      layout_basic, dancing_weapons_uskayaw, chequers_arboretum
D:4:      layout_basic, xom_confusion_cloud, serial_demonic, serial_demonic_a,
          serial_demonic_a, serial_demonic_e, serial_demonic_c,
          portal_sewer_entry_f, glass_columns_a, uniq_sigmund
D:5:      minmay_angry_zag, layout_basic,
          nicolae_concentric_dashed_squares_wild, uniq_duvessa, uniq_edmund
Abyss:2:  base:
D:2

Skill      XL: |  1  2  3  4  5  6  7 |
---------------+----------------------+-----
Dodging        | 2 3 4 |  4.3
Fighting       | 2 3 4 |  4.8
Unarmed Combat | 4 5 |  5.2
Shapeshifting  | 4 5 |  5.0

Action                     |  1- 3 |  4- 6 |  7- 9 || total
---------------------------+-------+-------+-------++-------
  Melee: Unarmed           |    81 |   117 |    75 ||   273
         Tailslap          |    11 |    26 |    11 ||    48
         Punch             |     4 |     7 |     4 ||    15
    Use: Potion            |       |       |     1 ||     1
 Armour: Skin              |    34 |    85 |    43 ||   162
  Dodge: Dodged            |    41 |    94 |    41 ||   176

Table legend: (Time is in decaauts)
 A = Elapsed time spent in this place.
 B = Non-inter-level travel time spent in this place.
 C = Inter-level travel time spent in this place.
 D = Time resting spent in this place.
 E = Time spent auto-exploring this place.
 F = Levels seen in this place.
 G = Mean time per level.
                   A        B        C        D        E       F      G
               +--------+--------+--------+--------+--------+-----+--------+
         Total |   4170 |   3983 |    187 |      0 |   3358 |   6 |  695.0 |
       Dungeon |   4103 |   3916 |    187 |      0 |   3344 |   5 |  820.6 |
         Abyss |     66 |     66 |      0 |      0 |     14 |   1 |   66.0 |
               +--------+--------+--------+--------+--------+-----+--------+

Top non-repeatable levels by time:
     D:2: 1202 daAuts
     D:4: 1127 daAuts
     D:1: 979 daAuts
     D:3: 759 daAuts
 Abyss:2: 66 daAuts
     D:5: 34 daAuts
